 Dungeon Crawl Stone Soup version 0.29-a0-96-g93358da72b (webtiles) character file.

Game seed: 6418105719494950572

42 Sweetruy1997 the Skirmisher (level 3, -10/29 HPs)
             Began as a Demonspawn Chaos Knight on Feb 13, 2022.
             Was a Plaything of Xom.
             Engulfed by a cloud of flame (19 damage)
             ... on level 2 of the Dungeon.
             The game lasted 00:03:57 (1300 turns).

Sweetruy1997 the Skirmisher (DsCK)                  Turns: 1300, Time: 00:03:59

Health: -10/29     AC:  7    Str: 12    XL:     3   Next: 33%
Magic:  3/3        EV: 11    Int: 13    God:    Xom [......]
Gold:   76         SH:  4    Dex: 14    Spells: 2/2 levels left

rFire   . . .      SeeInvis +   a - +0 falchion (chaos)
rCold   . . .      Faith    .   (no shield)
rNeg    . . .      Spirit   .   b - +2 leather armour
rPois   .          Reflect  .   (no helmet)
rElec   .          Harm     .   (no cloak)
rCorr   .          Rampage  .   d - +0 pair of gloves
Will    .....                   h - +0 pair of boots
Stlth   +.........              (no amulet)
HPRegen 0.09/turn               j - ring of flight
MPRegen 0.08/turn               i - ring of see invisible

@: flying
A: large bone plates 1
a: Renounce Religion


You were on level 2 of the Dungeon.
You worshipped Xom.
You were a very special plaything of Xom.
You visited 1 branch of the dungeon, and saw 2 of its levels.

You collected 76 gold pieces.

Inventory:

Hand Weapons
 a - a +0 falchion of chaos (weapon)
Armour
 b - a +2 leather armour (worn)
 d - a +0 pair of gloves (worn)
 h - a +0 pair of boots (worn)
Jewellery
 e - a +6 ring of intelligence
 i - a ring of see invisible (right hand)
 j - a ring of flight (left hand)
Scrolls
 c - a scroll of amnesia {unknown}
 k - a scroll of holy word {unknown}
 l - a scroll of teleportation {unknown}
Potions
 f - a potion of lignification {unknown}


   Skills:
 + Level 3.5 Fighting
 + Level 3.3 Long Blades
 - Level 2.0 Armour
 + Level 1.3 Dodging
 + Level 0.2 Stealth


You had 2 spell levels left.
You didn't know any spells.
Your spell library was empty.

Dungeon Overview and Level Annotations

Branches:
Dungeon (2/15)

Altars:


Innate Abilities, Weirdness & Mutations

You are partially covered in large bone plates. (SH +4)


Message History

You enter the shallow water.
Moving in this stuff is going to be slow.
j - a ring of flight No target in view!
No target in view!
You now have 76 gold pieces (gained 10). "This place needs a little more atmosphere."
You are now a very special plaything of Xom.
k - a scroll labelled FOMUOSA GUXO No target in view!
There is an open door here.
There is a stone staircase leading down here.
You enter the shallow water.
Moving in this stuff is going to be slow.
l - a scroll labelled SUUCURRA LAEFE A quokka comes into view.
Found a stone staircase leading up.
As you read the scroll labelled ELU WAONTE, it crumbles to dust.
The creatures around you are filled with an inner flame!
It was a scroll of immolation.
You drop 2 scrolls of immolation.
Nothing quivered!
You're wearing all the rings you can.
Remove which one? (? for menu, Esc to cancel) < or
e - a +6 ring of intelligence; > or
i - a ring of see invisible You remove your +6 ring of intelligence.
You feel stupid.
You fly up into the air.
j - a ring of flight (left hand)
The quokka bites you.
You closely miss the quokka.
The quokka bites you but does no damage.
You slash the quokka!
The quokka explodes!
The fiery explosion engulfs you!
Ouch! That really hurt!
You are engulfed in blazing flames.
Ouch! That really hurt!
You die...
Xom thinks this is hilarious!

♣≈≈≈≈≈♣ #. ♣♣♣≈♣.#
#. #≈P♣#.# #.
##.##..# #.
#.....## #. #.#####
#.##########.#
...###§...........#
.....§§@§§.###.####
.#####§.##§# #.#
###
#...##.###.###.....
#.....#.........#
##...######.##..#
##..# #.# .# #..#
#.# .. #... ..# .#
### #


There were no monsters in sight!

Vanquished Creatures
  3 dart slugs (D:1)
  2 endoplasms (D:1)
  3 goblins
  5 hobgoblins
  4 jackals (D:1)
  3 kobolds (D:1)
  2 quokkas
  4 ball pythons (D:1)
  A bat (D:1)
  A frilled lizard (D:1)
  3 rats (D:1)
31 creatures vanquished.

Notes
Turn   | Place    | Note
-------+----------+-------------------------------------------
     0 | D:1      | Sweetruy1997 the Demonspawn Chaos Knight began the quest
                  | for the Orb.
     0 | D:1      | Reached XP level 1. HP: 18/18 MP: 1/1
    34 | D:1      | XOM: silly message
   142 | D:1      | Reached skill level 1 in Dodging
   171 | D:1      | XOM: silly message
   194 | D:1      | Gained mutation: You are partially covered in large bone
                  | plates. (SH +4) [demonic ancestry]
   194 | D:1      | Reached XP level 2. HP: 24/24 MP: 2/2
   287 | D:1      | XOM: cloud trail
   318 | D:1      | XOM: silly message
   604 | D:1      | Reached XP level 3. HP: 29/29 MP: 3/3
  1226 | D:2      | XOM: cloud trail
  1300 | D:2      | Engulfed by a cloud of flame

Illustrated notes

Levels and vault maps discovered:
D:1:      dpeg_arrival_simpleton_a, layout_rooms, serial_bayou_pond_c
D:2:      layout_loops_corners, serial_bayou, serial_bayou_lake_a,
          serial_bayou_shore_a, serial_bayou_shore_b, serial_bayou_ford_a

Skill      XL: |  1  2 |
---------------+-------+-----
Armour         | 2 |  2.0
Dodging        | 1 |  1.3
Long Blades    | 3 |  3.3
Fighting       | |  3.5
Stealth        | |  0.2

Action                   || total
-------------------------++-------
Melee: Falchion          ||    79
  Use: Scroll            ||     1
 Stab: Sleeping          ||     1
Armor: Leather armour    ||    35
Dodge: Dodged            ||    50
Block: Other             ||     9

Table legend: (Time is in decaauts)
 A = Elapsed time spent in this place.
 B = Non-inter-level travel time spent in this place.
 C = Inter-level travel time spent in this place.
 D = Time resting spent in this place.
 E = Time spent auto-exploring this place.
 F = Levels seen in this place.
 G = Mean time per level.
                   A        B        C        D        E       F      G
               +--------+--------+--------+--------+--------+-----+--------+
         Total |   1328 |   1296 |     32 |      0 |   1061 |   2 |  664.0 |
       Dungeon |   1328 |   1296 |     32 |      0 |   1061 |   2 |  664.0 |
               +--------+--------+--------+--------+--------+-----+--------+

Top non-repeatable levels by time:
     D:1: 927 daAuts
     D:2: 400 daAuts
